 Dungeon Sprint DCSS version 0.29.1-15-g9cfb28693d (webtiles) character file.

Game seed: 1907657631726429299

444 Hugehornet the Protected (level 7, -2/48 HPs)
             Began as a Gargoyle Fighter on Mar 23, 2023.
             Was an Initiate of Okawaru.
             Blown up by Sonja (18 damage)
             ... with a mindburst bolt
             ... in the Dungeon (Sprint I: "Red Sonja").
             The game lasted 00:01:40 (404 turns).

Hugehornet the Protected (Gargoyle Fighter)          Turns: 404, Time: 00:01:41

Health: -2/48      AC: 13    Str: 19    XL:     7   Next: 3%
Magic:  7/7        EV: 10    Int: 11    God:    Okawaru [......]
Gold:   297        SH:  5    Dex:  9    Spells: 6/6 levels left

rFire   . . .      SeeInvis .   a - +0 flail
rCold   . . .      Faith    .   c - +0 buckler
rNeg    + . .      Spirit   .   b - +0 scale mail
rPois   ∞          Reflect  .   (no helmet)
rElec   +          Harm     .   (no cloak)
rCorr   .          Rampage  .   (no gloves)
Will    .....      NoTele   +   (no boots)
Stlth   ..........              (no amulet)
HPRegen 0.16/turn               (no ring)
MPRegen 0.10/turn               (no ring)

@: on berserk cooldown, slowed, very slow
A: sickness immunity, AC +4, negative energy resistance 1, electricity
resistance, torment resistance 1, petrification resistance
a: Renounce Religion


You were in the Dungeon.
You worshipped Okawaru.
Okawaru was noncommittal.
You visited 1 branch You collected 297 gold pieces.

Inventory:

Hand Weapons
 a - a +0 flail (weapon)
Armour
 b - a +0 scale mail (worn)
 c - a +0 buckler (worn)
 k - a +0 chain mail
Wands
 d - a wand of flame (23)
Scrolls
 j - a scroll of blinking
Potions
 e - a potion of curing
 f - a potion of heal wounds
 g - a potion of haste
 h - 2 potions of magic


   Skills:
 + Level 7.7 Fighting
 * Level 6.8 Maces & Flails
 * Level 9.0 Armour
 * Level 3.0 Dodging
 * Level 8.7 Shields


You had 6 spell levels left.
You didn't know any spells.
Your spell library was empty.

Dungeon Overview and Level Annotations

Branches:
Dungeon (1/1)

Altars:
Cheibriados
Dithmenos
Elyvilon
Fedhas
Gozag
Hepliaklqana
Kikubaaqudgha
Nemelex Xobeh
Okawaru
Qazlal
Ru
Sif Muna
Trog
Uskayaw
Vehumet
Wu Jian
Yredelemnul
Zin
The Shining One

Shops:
D *

Annotations:
D Sonja


Innate Abilities, Weirdness & Mutations

You are immune to sickness and miasma.
Your stone body is resilient. (AC +4)
You are immune to poison.
You resist negative energy. (rN+)
You are resistant to electric shocks. (rElec)
You are resistant to unholy torment.
You are immune to petrification.


Message History

Sonja zaps a wand.
Your mind is blasted!
You are too injured to fight recklessly!
You are too injured to fight recklessly!
You are too injured to fight recklessly!
You are too injured to fight recklessly!
You closely miss Sonja.
Sonja is almost dead.
Sonja casts a spell.
Sonja blinks!
Sonja casts a spell.
Sonja blinks!
There is an ornate altar of the Wu Jian Council, spattered with blood here.
You feel a strong urge to attack something.
You are no longer berserk.
You are exhausted.
You feel yourself slow down.
Sonja casts a spell.
Sonja blinks!
Sonja closely misses you. x2; Sonja barely misses you.
You hit Sonja but do no damage.
Sonja is almost dead.
Sonja hits you but does no damage. x2; You block Sonja's attack. x2
Sonja closely misses you. Sonja hits you but does no damage.
You completely miss Sonja.
Sonja is almost dead.
Sonja zaps a wand.
You struggle to resist.
You block Sonja's attack. Sonja hits you but does no damage.
Sonja hits you with a +0 dagger of venom.
You closely miss Sonja.
Sonja is almost dead.
Sonja closely misses you. You block Sonja's attack. Sonja closely misses you.
Sonja hits you but does no damage. x2
Sonja hits you with a +0 dagger of venom.
You hit Sonja but do no damage.
Sonja is almost dead.
You block Sonja's attack. Sonja closely misses you.
Sonja hits you but does no damage.
Sonja mumbles some strange words.
Sonja blinks!
Sonja zaps a wand.
Your mind is blasted!
You die...

################
#<.#..').#.)'..#
#..)..#..'..#..+
#..#####'#####'#
#..####..#...#)#
#..#__####..##)#
#..#___K_##'#_.+
#⌠⌠#_.∩...'..._#
####_..__##_@#'#
#_____###§#(#
####### #.###
$.$ $.$ ##.##
#+#


You could see Sonja.

Vanquished Creatures
  Sigmund (D)
  A yak (D)
  An ogre (D)
  A jelly (D)
  Ijyb (D)
5 creatures vanquished.

Notes
Turn   | Place    | Note
-------+----------+-------------------------------------------
     0 | D        | Hugehornet the Gargoyle Fighter began the quest for the
                  | Orb.
     0 | D        | Reached XP level 1. HP: 14/14 MP: 1/1
     1 | D        | Noticed Ijyb
     5 | D        | Killed Ijyb
     6 | D        | Reached skill level 4 in Armour
     6 | D        | Reached XP level 2. HP: 7/20 MP: 2/2
    11 | D        | Noticed an ogre
    18 | D        | Killed an ogre
    19 | D        | Reached skill level 6 in Armour
    19 | D        | Reached XP level 3. HP: 11/27 MP: 3/3
    19 | D        | Reached XP level 4. HP: 13/32 MP: 4/4
    22 | D        | Noticed Sigmund
    29 | D        | Killed Sigmund
    30 | D        | Reached skill level 5 in Maces & Flails
    30 | D        | Reached skill level 8 in Armour
    30 | D        | Reached XP level 5. HP: 16/38 MP: 5/5
    30 | D        | Reached XP level 6. HP: 18/44 MP: 6/6
    35 | D        | Found a shimmering blue altar of Sif Muna.
    36 | D        | Found an ornate altar of the Wu Jian Council.
    37 | D        | Found a radiant altar of Vehumet.
    37 | D        | Identified the +7 short sword of Bull {vorpal, rElec rN++
                  | Will+ Str-3}
   240 | D        | Found Ishrasas's General Store.
   240 | D        | Found an ancient bone altar of Kikubaaqudgha.
   240 | D        | Found a hazy altar of Hepliaklqana.
   240 | D        | Found a hide-covered altar of Uskayaw.
   240 | D        | Found a basalt altar of Yredelemnul.
   240 | D        | Found an opulent altar of Gozag.
   240 | D        | Found a snail-covered altar of Cheibriados.
   240 | D        | Found a sacrificial altar of Ru.
   240 | D        | Found a shadowy altar of Dithmenos.
   240 | D        | Noticed a yak
   253 | D        | Killed a yak
   254 | D        | Reached skill level 9 in Armour
   254 | D        | Reached XP level 7. HP: 30/48 MP: 7/7
   254 | D        | Found a stormy altar of Qazlal.
   254 | D        | Found a blossoming altar of Fedhas.
   254 | D        | Found a bloodstained altar of Trog.
   254 | D        | Found an iron altar of Okawaru.
   254 | D        | Found a glowing golden altar of the Shining One.
   254 | D        | Found a glowing silver altar of Zin.
   254 | D        | Found a white marble altar of Elyvilon.
   367 | D        | Found a sparkling altar of Nemelex Xobeh.
   372 | D        | Became a worshipper of Warmaster Okawaru
   382 | D        | Noticed Sonja
   404 | D        | Blown up by Sonja

Illustrated notes

Levels and vault maps discovered:
D:        dungeon_sprint_1 [red_sonja_temple_1, red_sonja_temple_small_1]

Skill      XL: |  1  2  3  4  5  6 |
---------------+-------------------+-----
Fighting       | 4 6 7 |  7.7
Armour         | 4 6 8 9 |  9.0
Shields        | 4 6 7 8 |  8.7
Maces & Flails | 3 5 6 |  6.8
Dodging        | 2 3 |  3.0

Action                   |  1- 3 |  4- 6 |  7- 9 || total
-------------------------+-------+-------+-------++-------
Melee: Flail             |     9 |    22 |    17 ||    48
  Use: Potion            |     1 |       |     1 ||     2
Armor: Scale mail        |       |     9 |    19 ||    28
Dodge: Dodged            |     2 |     6 |    12 ||    20
Block: Buckler           |     3 |     2 |    10 ||    15
